 Dungeon Crawl Stone Soup version 0.19.1 (webtiles) character file.

162 dvd the Firebug (level 5, -2/39 HPs)
             Began as a Hill Orc Fire Elementalist on Dec 16, 2016.
             Was an Initiate of Vehumet.
             Slain by Grinder (4 damage)
             ... on level 3 of the Dungeon.
             The game lasted 00:09:07 (3006 turns).

dvd the Firebug (Hill Orc Fire Elementalist)        Turns: 3006, Time: 00:09:08

Health: -2/39      AC:  3    Str: 10 (11) XL:     5   Next: 43%
Magic:  2/8        EV: 12    Int: 14 (16) God:    Vehumet [......]
Gold:   168        SH:  0    Dex:  8 (11) Spells: 2 memorised, 6 levels left

rFire  . . .     SeeInvis .     h - +0 mace
rCold  . . .     Gourm    .     a - +0 robe
rNeg   . . .     Faith    .     (no shield)
rPois  .         Spirit   .     (no helmet)
rElec  .         Reflect  .     q - +0 cloak
rCorr  .         Harm     .     (no gloves)
MR     .....                    (no boots)
Stlth  ++........               m - amulet of rage
                                (no ring)
                                (no ring)

@: no status effects
A: no striking features
a: Renounce Religion, Evoke Berserk Rage


You were on level 3 of the Dungeon.
You worshipped Vehumet.
Vehumet was noncommittal.
You were not hungry.

You visited 1 branch of the dungeon, and saw 3 of its levels.

You collected 168 gold pieces.

Inventory:

Hand Weapons
 h - a +0 mace (weapon)
Armour
 a - a +0 robe (worn)
 e - a +0 ring mail
 q - a +0 cloak (worn)
Jewellery
 m - an amulet of rage (around neck)
Wands
 n - a wand of paralysis (24/24)
Scrolls
 d - a scroll of fog {unknown}
 f - a scroll of fear {unknown}
 g - a scroll of immolation {unknown}
 i - a scroll of remove curse
 k - 2 scrolls of identify
 t - a scroll of teleportation
Potions
 v - a potion of ambrosia {unknown}
Books
 b - a book of Flames

   Spells                             Type                      Level
   a - Flame Tongue                   Conjuration/Fire             1
   b - Throw Flame                    Conjuration/Fire             2
   c - Conjure Flame                  Conjuration/Fire             3
   d - Inner Flame                    Hexes/Fire                   3
   e - Sticky Flame                   Conjuration/Fire             4
   f - Fireball                       Conjuration/Fire             5
Comestibles
 c - 2 bread rations
 j - 7 fruits
 l - a beef jerky
 o - a chunk of flesh
 p - 3 meat rations
 r - a slice of pizza


   Skills:
 + Level 0.8 Fighting
 + Level 0.4 Maces & Flails
 + Level 2.0 Dodging
 + Level 2.4 Stealth
 + Level 2.5 Spellcasting
 + Level 2.2 Conjurations
 + Level 4.0 Fire Magic
 + Level 0.2 Evocations


You had 6 spell levels left.
You knew the following spells:

 Your Spells              Type           Power        Failure   Level  Hunger
a - Flame Tongue          Conj/Fire      ##...        10%         1    #......
b - Throw Flame           Conj/Fire      ##....       12%         2    ###....


Dungeon Overview and Level Annotations

Branches:
Dungeon (3/15)

Altars:
Dithmenos
Gozag
Hepliaklqana
Makhleb
Vehumet
The Shining One

Annotations:
D:3 Grinder


Message History

Confirm with . or Enter, or press ? or * to list all spells.
Aiming: Flame Tongue
Press: ? - help, Shift-Dir - straight line, f/p - Grinder
Aim: Grinder (moderately wounded)
The flame tongue hits Grinder.
Grinder appears unharmed.
Grinder is moderately wounded.
Grinder closely misses you.
You hit Grinder but do no damage.
Grinder is moderately wounded.
Grinder hits you!
You writhe in agony.
You fail to use your ability.
Grinder blinks!
Grinder barely misses you.
You hit Grinder.
Grinder is heavily wounded.
Grinder says, "Don't move a muscle."
Grinder gestures at you. You resist with significant effort. Grinder hits you!
* * * LOW HITPOINT WARNING * * *
You writhe in agony.
You die...

#,,,,<#..............+.
#.****#.......##.#####.
###.#####................
#........##########.####.
#..l......# #..# #.
#.........# ##.# #.
***'**#ยง..# #.###. *,*
#...# #..##) *,* #.@.#
##.##. ***,* #..5######
#..#) *,,,* #........#
##.#. ***,* #........#
#(). *,* #........# ##..
*,**##.......########..
*,,,*#.................
***,*#..........######.
*,*#..........# #.


You could see Grinder.

Vanquished Creatures
  The ghost of dvd the Stinger, an amateur OpVM (D:3)
  2 adders (D:2)
  An ooze (D:1)
  A worm (D:3)
  A dart slug (D:3)
  A leopard gecko (D:1)
  4 orcs (D:3)
  17 bats
  3 giant cockroaches (D:2)
  3 goblins
  7 hobgoblins
  A quokka (D:3)
  3 frilled lizards
  8 kobolds
  8 rats
61 creatures vanquished.

Notes
Turn   | Place    | Note
-------+----------+-------------------------------------------
     0 | D:1      | dvd the Hill Orc Fire Elementalist began the quest for the Orb.
     0 | D:1      | Reached XP level 1. HP: 14/14 MP: 3/3
   223 | D:1      | Reached XP level 2. HP: 17/20 MP: 0/4
   602 | D:1      | Learned a level 2 spell: Throw Flame
   949 | D:1      | Reached XP level 3. HP: 27/27 MP: 3/6
  1644 | D:2      | Reached XP level 4. HP: 30/34 MP: 5/7
  1820 | D:2      | Found a glowing golden altar of the Shining One.
  1978 | D:2      | Found a radiant altar of Vehumet.
  1978 | D:2      | Found a burning altar of Makhleb.
  1982 | D:2      | Became a worshipper of Vehumet
  2133 | D:3      | Noticed dvd's ghost (amateur OpVM)
  2143 | D:3      | Killed dvd's ghost
  2143 | D:3      | Reached skill level 4 in Fire Magic
  2143 | D:3      | Reached XP level 5. HP: 9/39 MP: 0/8
  2169 | D:3      | HP: 2/58 [poisoned by dvd's ghost (sting)]
  2174 | D:3      | HP: 1/39 [poisoned by dvd's ghost (sting)]
  2463 | D:3      | Found a hazy altar of Hepliaklqana.
  2469 | D:3      | Found an opulent altar of Gozag.
  2474 | D:3      | Found a shadowy altar of Dithmenos.
  2988 | D:3      | Noticed Grinder
  3006 | D:3      | Slain by Grinder

Skill      XL: |  1  2  3  4 |
---------------+-------------+-----
Spellcasting   | 2 |  2.5
Stealth        | 2 |  2.4
Dodging        | 2 |  2.0
Conjurations   | 2 |  2.2
Fire Magic     | 4 |  4.0
Fighting       | |  0.8
Maces & Flails | |  0.4
Evocations     | |  0.2

Action                   |  1- 3 |  4- 6 || total
-------------------------+-------+-------++-------
Melee: Unarmed           |    12 |       ||    12
       Mace              |     7 |    31 ||    38
 Cast: Flame Tongue      |    55 |    41 ||    96
       Throw Flame       |     2 |    10 ||    12
 Abil: Evoke Berserk Rag |       |     1 ||     1
  Use: Scroll            |       |     6 ||     6
       Potion            |       |     3 ||     3
 Stab: Sleeping          |     3 |     1 ||     4
  Eat: Chunk             |     4 |     6 ||    10
Armor: Robe              |    22 |    17 ||    39
Dodge: Dodged            |    30 |    28 ||    58
